Capitals vs Oilers

Created - May 4, 2021 at 20:20

Goals
1 2 3 T
Capitals 0 0 0 0
Oilers 4 2 0 6
Shots
1 2 3 T
Capitals 10 12 2 24
Oilers 18 8 4 30

1st period

1. Oilers , Phil Kessel 25 (Connor McDavid 27) at 1:31
2. Oilers , Henrik Zetterberg 40 (Taylor Hall 41, Jordan Eberle 30) at 2:47
3. Oilers , James Neal 26 (Brandon Sutter 34, Adam Larsson 13) at 5:48
4. Oilers , Phil Kessel 26 (Taylor Hall 42, Rasmus Ristolainen 58) at 19:27 (PP)

Penalties :
Jamie Benn (Was) for Interference (Minor) at 19:16, Patrick Sharp (Was) for Roughing (Minor) at 19:51

2nd period

5. Oilers , Connor McDavid 33 (Leon Draisaitl 26) at 11:41
6. Oilers , Phil Kessel 27 (Connor McDavid 28, Leon Draisaitl 27) at 19:23

Penalties :
Brandon Sutter (EDM) for High sticking (Minor) at 2:59, Brandon Sutter (EDM) for Cross-checking (Minor) at 8:51, Adam Larsson (EDM) for Roughing (Minor) at 9:10, Mike Green (Was) for Interference (Minor) at 19:47

3rd period

No Goal

Penalties :
Henrik Zetterberg (EDM) for Hooking (Minor) at 2:46, Tobias Enstrom (EDM) for Fighting (Major) at 9:01, Joe Pavelski (Was) for Fighting (Major) at 9:01, Joe Pavelski (Was) for instigated a fight (Minor) at 9:01, Joe Pavelski (Was) for instigated a fight (10 Minutes Misconduct) at 9:01, T.J. Oshie (Was) for High sticking (Minor) at 17:51

Goalie Stats

Marc-André Fleury (Was), 10 saves from 12 shots - (0.833), 40:33 minutes
Keith Kinkaid (Was), 14 saves from 18 shots - (0.778), L, 12-10-2, 19:27 minutes
James Reimer (EDM), 24 saves from 24 shots - (1.000), W, 35-23-7, 60:00 minutes

Players Stats for Capitals

Player Name              G  A  P  +/- PIM S  H  SB GA TA FO     MP     PP MP  PK MP  
------------------------------------------------------------------------------------
Alexander Steen          0  0  0  -3  0   0  0  0  0  0  0/0    11:47   0:00   2:31 
Brent Burns              0  0  0  -1  0   2  1  2  0  3  0/0    24:09   0:00   4:53 
Clarke MacArthur         0  0  0   0  0   0  3  0  0  1  0/0    14:43   3:59   1:37 
Derek Roy                0  0  0  -1  0   1  2  0  0  0  12/23  20:03   2:40   1:22 
Duncan Keith             0  0  0  -4  0   1  0  1  0  2  0/0    17:04   2:17   1:23 
Dustin Brown             0  0  0  -3  0   1  2  0  0  0  0/0    11:32   0:08   1:12 
Jamie Benn               0  0  0  -1  2   3  0  0  0  0  1/2    14:58   2:40   0:10 
Jason Pominville         0  0  0  -1  0   3  1  0  2  0  0/0    14:47   2:40   0:00 
Joe Pavelski             0  0  0   0  17  3  0  0  1  0  1/1     9:57   0:00   2:37 
Marc-Édouard Vlasic      0  0  0   0  0   1  0  0  0  1  0/0    12:23   0:00   0:00 
Mike Green               0  0  0  -1  2   0  1  1  1  2  0/0    26:48   3:59   3:30 
Mikko Koivu              0  0  0   0  0   1  1  0  0  0  3/5    11:19   2:17   0:00 
Patrick Sharp            0  0  0  -1  2   1  2  0  1  0  1/3    19:35   3:36   0:00 
Ryan Getzlaf             0  0  0  -3  0   1  0  1  1  0  6/14   13:57   0:00   4:38 
Ryan Nugent-Hopkins      0  0  0  -1  0   0  1  0  0  0  2/11   17:53   3:36   2:07 
Ryan Suter               0  0  0   0  0   1  0  0  0  0  0/0    16:07   0:00   3:14 
T.J. Oshie               0  0  0  -1  2   3  2  0  0  0  1/1    19:10   3:28   0:00 
Trevor Daley             0  0  0  -4  0   2  0  0  0  0  0/0    15:36   0:00   3:14 

Players Stats for Oilers

Player Name              G  A  P  +/- PIM S  H  SB GA TA FO     MP     PP MP  PK MP  
------------------------------------------------------------------------------------
Adam Larsson             0  1  1   2  2   1  0  0  1  1  0/0    17:19   0:48   2:30 
Brandon Sutter           0  1  1   1  4   2  4  1  0  0  5/11   14:42   0:25   0:26 
Connor McDavid           1  2  3   3  0   3  2  1  1  0  9/15   16:06   4:52   1:02 
Darnell Nurse            0  0  0   2  0   0  2  0  0  3  0/0    23:49   4:42   3:26 
Denis Grebeshkov         0  0  0   3  0   1  0  0  0  0  0/0    20:10   0:00   2:27 
Henrik Zetterberg        1  0  1   1  2   2  4  0  0  0  15/25  20:21   2:50   2:39 
James Neal               1  0  1   1  0   6  3  1  0  0  0/0    15:17   0:20   1:05 
Jordan Eberle            0  1  1   1  0   0  1  0  1  0  2/2    18:14   2:50   0:50 
Kevin Porter             0  0  0   0  0   0  0  1  0  0  1/3     6:52   0:00   0:00 
Leon Draisaitl           0  2  2   3  0   1  2  0  1  0  0/0    13:14   3:23   0:00 
Nikolai Kulemin          0  0  0   0  0   1  1  1  0  0  0/0     8:41   0:00   1:49 
Oscar Klefbom            0  0  0   1  0   0  1  0  0  1  0/0    15:31   3:25   0:14 
Pavel Buchnevich         0  0  0   0  0   0  1  0  0  0  0/1     6:52   0:00   0:00 
Phil Kessel              3  0  3   3  0   4  0  1  1  0  0/0    14:52   4:52   0:00 
Rasmus Ristolainen       0  1  1   1  0   2  1  4  2  1  0/0    22:39   4:42   1:04 
Riley Sheahan            0  0  0   1  0   0  0  0  0  0  1/1    17:23   0:25   2:48 
Taylor Hall              0  2  2   1  0   6  2  0  2  0  0/2    19:21   4:24   0:13 
Tobias Enstrom           0  0  0   1  5   1  0  0  0  0  0/0    20:36   2:37   2:50 

3 Stars

1 - Phil Kessel (EDM)
2 - Connor McDavid (EDM)
3 - James Reimer (EDM)

Power Play

Capitals - 0 on 4 Attempt(s) - 0.00%
Oilers - 1 on 5 Attempt(s) - 20.00%

Penalty Kill

Capitals - 4 on 5 Attempt(s) - 80.00% - Score 0 goal in Penalty Kill
Oilers - 4 on 4 Attempt(s) - 100.00% - Score 0 goal in Penalty Kill

Team Stat

Capitals - Hits : 16 - Faceoff Wins : 27 - Blocked Shots : 5 - Penalty Minutes : 25
Oilers - Hits : 24 - Faceoff Wins : 33 - Blocked Shots : 10 - Penalty Minutes : 13

Official

Referees : Unknown
Linesman : Unknown

Game Notes

Marc-André Fleury enters game at 19:27 of 1st period
Phil Kessel has scored a Hat Trick!
Joe Pavelski beats up Tobias Enstrom at 9:01 of 3rd period

Finance

Level 1 -- Attendance: 5220 (87.00%) -- Ticket Income $574,200
Level 2 -- Attendance: 4181 (83.62%) -- Ticket Income $292,670
Level 3 -- Attendance: 1716 (85.80%) -- Ticket Income $78,936
Level 4 -- Attendance: 3515 (87.88%) -- Ticket Income $105,450
Luxury Box -- Attendance: 1000 (100.00%) -- Ticket Income $180,000
Game was played at the Rogers Arena.
Total Attendance: 15632 (86.84%)
Total Ticket Income: $1,231,256
Other Income: $184,688
Total Income: $1,415,944

Capitals

5 vs 5 Forward 
   Center                   Left Wing                Right Wing               Time % Phy DF OF 
 1 Derek Roy                Patrick Sharp            T.J. Oshie               40     0   1  4  
 2 Ryan Nugent-Hopkins      Jamie Benn               Jason Pominville         30     1   1  3  
 3 Mikko Koivu              Clarke MacArthur         Joe Pavelski             15     1   2  2  
 4 Ryan Getzlaf             Alexander Steen          Dustin Brown             15     1   3  1  

5 vs 5 Defense 
   Defense                  Defense                                           Time % Phy DF OF 
 1 Mike Green               Brent Burns                                       40     1   2  2  
 2 Duncan Keith             Trevor Daley                                      30     1   2  2  
 3 Marc-Édouard Vlasic      Ryan Suter                                        20     2   3  0  
 4 Brent Burns              Mike Green                                        10     2   2  1  

PowerPlay Forward 
   Center                   Left Wing                Right Wing               Time % Phy DF OF 
 1 Ryan Nugent-Hopkins      Patrick Sharp            T.J. Oshie               60     1   1  3  
 2 Derek Roy                Jamie Benn               Jason Pominville         40     1   1  3  

PowerPlay Defense
   Defense                  Defense                                           Time % Phy DF OF 
 1 Mike Green               Clarke MacArthur                                  60     0   1  4  
 2 Duncan Keith             Mikko Koivu                                       40     0   2  3  

Penalty Kill 4 Players Forward 
   Center                   Wing                     Time % Phy DF OF 
 1 Ryan Getzlaf             Joe Pavelski             60     1   4  0  
 2 Derek Roy                Dustin Brown             40     1   4  0  

Penalty Kill 4 Players Defense
   Defense                  Defense                  Time % Phy DF OF 
 1 Mike Green               Brent Burns              60     2   3  0  
 2 Trevor Daley             Ryan Suter               40     2   3  0  

Penalty Kill - 3 Players Forward 
   Forward                                           Time % Phy DF OF 
 1 Ryan Getzlaf                                      60     0   5  0  
 2 Joe Pavelski                                      40     0   5  0  

Penalty Kill - 3 Players Defense
   Defense                  Defense                  Time % Phy DF OF 
 1 Mike Green               Brent Burns              60     1   4  0  
 2 Trevor Daley             Ryan Suter               40     1   4  0  

4 vs 4 Forward 
   Center                   Wing                     Time % Phy DF OF 
 1 Derek Roy                Patrick Sharp            60     0   1  4  
 2 Ryan Nugent-Hopkins      T.J. Oshie               40     0   1  4  

4 vs 4 Defense
   Defense                  Defense                  Time % Phy DF OF 
 1 Mike Green               Brent Burns              60     1   2  2  
 2 Duncan Keith             Marc-Édouard Vlasic      40     1   2  2  

Last Minutes Offensive
   Center                   Left Wing                Right Wing               Defense                  Defense                  
   Derek Roy                Patrick Sharp            T.J. Oshie               Mike Green               Clarke MacArthur         

Last Minutes Defensive
   Center                   Left Wing                Right Wing               Defense                  Defense                  
   Ryan Getzlaf             Jamie Benn               Joe Pavelski             Mike Green               Brent Burns              

Goaltenders
Starting : Keith Kinkaid            
Backup : Marc-André Fleury        

Extra Forwards
Normal : Patrick Sharp, T.J. Oshie, Clarke MacArthur - PP : Patrick Sharp, T.J. Oshie - PK : Ryan Getzlaf
Extra Defensemen
Normal : Mike Green, Brent Burns, Duncan Keith - PP : Mike Green - PK : Mike Green, Brent Burns
Penalty Shots
Mike Green, Patrick Sharp, T.J. Oshie, Clarke MacArthur, Jamie Benn

Scratches
Jared Spurgeon (Healthy)

Oilers

5 vs 5 Forward 
   Center                   Left Wing                Right Wing               Time % Phy DF OF 
 1 Henrik Zetterberg        Taylor Hall              Jordan Eberle            40     1   2  2  
 2 Brandon Sutter           James Neal               Riley Sheahan            30     1   2  2  
 3 Connor McDavid           Leon Draisaitl           Phil Kessel              20     1   2  2  
 4 Kevin Porter             Nikolai Kulemin          Pavel Buchnevich         10     1   2  2  

5 vs 5 Defense 
   Defense                  Defense                                           Time % Phy DF OF 
 1 Tobias Enstrom           Rasmus Ristolainen                                40     1   2  2  
 2 Darnell Nurse            Denis Grebeshkov                                  30     1   2  2  
 3 Adam Larsson             Oscar Klefbom                                     20     1   2  2  
 4 Adam Larsson             Denis Grebeshkov                                  10     1   2  2  

PowerPlay Forward 
   Center                   Left Wing                Right Wing               Time % Phy DF OF 
 1 Connor McDavid           Taylor Hall              Phil Kessel              60     1   2  2  
 2 Henrik Zetterberg        Leon Draisaitl           Jordan Eberle            40     1   2  2  

PowerPlay Defense
   Defense                  Defense                                           Time % Phy DF OF 
 1 Darnell Nurse            Rasmus Ristolainen                                60     1   2  2  
 2 Oscar Klefbom            Tobias Enstrom                                    40     1   2  2  

Penalty Kill 4 Players Forward 
   Center                   Wing                     Time % Phy DF OF 
 1 Henrik Zetterberg        Riley Sheahan            60     1   2  2  
 2 Brandon Sutter           Jordan Eberle            40     1   2  2  

Penalty Kill 4 Players Defense
   Defense                  Defense                  Time % Phy DF OF 
 1 Adam Larsson             Darnell Nurse            60     1   2  2  
 2 Denis Grebeshkov         Tobias Enstrom           40     1   2  2  

Penalty Kill - 3 Players Forward 
   Forward                                           Time % Phy DF OF 
 1 Henrik Zetterberg                                 60     1   2  2  
 2 Jordan Eberle                                     40     1   2  2  

Penalty Kill - 3 Players Defense
   Defense                  Defense                  Time % Phy DF OF 
 1 Tobias Enstrom           Rasmus Ristolainen       60     1   2  2  
 2 Darnell Nurse            Denis Grebeshkov         40     1   2  2  

4 vs 4 Forward 
   Center                   Wing                     Time % Phy DF OF 
 1 Brandon Sutter           Jordan Eberle            60     1   2  2  
 2 Henrik Zetterberg        Riley Sheahan            40     1   2  2  

4 vs 4 Defense
   Defense                  Defense                  Time % Phy DF OF 
 1 Tobias Enstrom           Rasmus Ristolainen       60     1   2  2  
 2 Darnell Nurse            Denis Grebeshkov         40     1   2  2  

Last Minutes Offensive
   Center                   Left Wing                Right Wing               Defense                  Defense                  
   Henrik Zetterberg        Taylor Hall              Jordan Eberle            Tobias Enstrom           Rasmus Ristolainen       

Last Minutes Defensive
   Center                   Left Wing                Right Wing               Defense                  Defense                  
   Henrik Zetterberg        Taylor Hall              Jordan Eberle            Tobias Enstrom           Rasmus Ristolainen       

Goaltenders
Starting : James Reimer             
Backup : Jonas Gustavsson         

Extra Forwards
Normal : Leon Draisaitl, Connor McDavid, Nikolai Kulemin - PP : Leon Draisaitl, Connor McDavid - PK : Nikolai Kulemin
Extra Defensemen
Normal : Adam Larsson, Oscar Klefbom, Darnell Nurse - PP : Adam Larsson - PK : Oscar Klefbom, Darnell Nurse
Penalty Shots
Taylor Hall, Jordan Eberle, Phil Kessel, Riley Sheahan, Henrik Zetterberg

Scratches
Anton Volchenkov (Healthy), Jordan Caron (Healthy), Mike Smith (Healthy)

% Time on Ice - Capitals

Lines # - Real PCT - Wanted PCT - Time Play
Normal Forward
1 - 35% - 40% - 15:53
2 - 26% - 30% - 11:47
3 - 19% - 15% - 8:41
4 - 20% - 15% - 9:16
Normal Defense
1 - 40% - 40% - 18:18
2 - 31% - 30% - 14:19
3 - 26% - 20% - 11:42
4 - 3% - 10% - 1:18
PP Forward
1 - 57% - 60% - 3:36
2 - 43% - 40% - 2:40
PP Defense
1 - 64% - 60% - 3:59
2 - 36% - 40% - 2:17
PK Forward
1 - 85% - 60% - 6:55
2 - 15% - 40% - 1:12
PK Defense
1 - 60% - 60% - 4:53
2 - 40% - 40% - 3:14
PK3 Forward
1 - 0% - 60%
2 - 0% - 40%
PK3 Defense
1 - 0% - 60%
2 - 0% - 40%
44 Forward
1 - 0% - 60%
2 - 0% - 40%
44 Defense
1 - 0% - 60%
2 - 0% - 40%
Last Minute Offensive  - 0:00
Last Minute Defensive  - 0:00
Total
Forward - 60:00
Defense - 60:00

% Time on Ice - Oilers

Lines # - Real PCT - Wanted PCT - Time Play
Normal Forward
1 - 33% - 40% - 15:02
2 - 30% - 30% - 13:52
3 - 22% - 20% - 9:51
4 - 15% - 10% - 6:52
Normal Defense
1 - 42% - 40% - 19:15
2 - 30% - 30% - 13:51
3 - 22% - 20% - 9:56
4 - 6% - 10% - 2:35
PP Forward
1 - 61% - 60% - 4:59
2 - 39% - 40% - 3:08
PP Defense
1 - 58% - 60% - 4:42
2 - 42% - 40% - 3:25
PK Forward
1 - 89% - 60% - 4:06
2 - 11% - 40% - 0:30
PK Defense
1 - 62% - 60% - 2:50
2 - 38% - 40% - 1:46
PK3 Forward
1 - 80% - 60% - 1:20
2 - 20% - 40% - 0:20
PK3 Defense
1 - 59% - 60% - 0:59
2 - 41% - 40% - 0:41
44 Forward
1 - 0% - 60%
2 - 0% - 40%
44 Defense
1 - 0% - 60%
2 - 0% - 40%
Last Minute Offensive  - 0:00
Last Minute Defensive  - 0:00
Total
Forward - 60:00
Defense - 60:00

Play-by-Play

1st period


0:01 of 1st period - Derek Roy wins face-off versus Henrik Zetterberg in neutral zone.
0:19 of 1st period - T.J. Oshie is hit by Henrik Zetterberg and loses puck.
0:56 of 1st period - Snap shot by Mikko Koivu.
0:56 of 1st period - Stopped by James Reimer with a rebound.
1:08 of 1st period - Darnell Nurse is hit by Clarke MacArthur and loses puck.
1:31 of 1st period - Snap shot by Phil Kessel.
1:31 of 1st period - Goal by Phil Kessel - Capitals : 0 - Oilers : 1.
1:32 of 1st period - Derek Roy wins face-off versus Henrik Zetterberg in neutral zone.
1:35 of 1st period - Snap shot by Derek Roy.
1:35 of 1st period - Shot Misses the Net.
1:59 of 1st period - Adam Larsson is hit by Ryan Nugent-Hopkins and loses puck.
2:04 of 1st period - Snap shot by Jason Pominville.
2:04 of 1st period - Stopped by James Reimer with a rebound.
2:06 of 1st period - Snap shot by Ryan Nugent-Hopkins.
2:06 of 1st period - Shot Misses the Net.
2:08 of 1st period - Snap shot by Ryan Nugent-Hopkins.
2:08 of 1st period - Shot Blocked by Brandon Sutter.
2:10 of 1st period - Snap shot by Jamie Benn.
2:10 of 1st period - Deflect By Jason Pominville.
2:10 of 1st period - Shot Misses the Net.
2:10 of 1st period - Puck is out of play.
2:11 of 1st period - Derek Roy wins face-off versus Kevin Porter in Oilers zone.
2:18 of 1st period - Nikolai Kulemin is hit by T.J. Oshie and loses puck.
2:47 of 1st period - Snap shot by Taylor Hall.
2:47 of 1st period - Deflect By Henrik Zetterberg.
2:47 of 1st period - Goal by Henrik Zetterberg - Capitals : 0 - Oilers : 2.
2:48 of 1st period - Brandon Sutter wins face-off versus Ryan Getzlaf in neutral zone.
2:55 of 1st period - Snap shot by Brandon Sutter.
2:55 of 1st period - Stopped by Keith Kinkaid with a rebound.
3:13 of 1st period - T.J. Oshie is hit by Henrik Zetterberg and loses puck.
3:18 of 1st period - Wrist shot by Taylor Hall.
3:18 of 1st period - Stopped by Keith Kinkaid without a rebound.
3:19 of 1st period - Mikko Koivu wins face-off versus Henrik Zetterberg in Capitals zone.
3:31 of 1st period - Icing by Rasmus Ristolainen.
3:32 of 1st period - Henrik Zetterberg wins face-off versus Ryan Nugent-Hopkins in Oilers zone.
3:59 of 1st period - Wrist shot by Taylor Hall.
3:59 of 1st period - Stopped by Keith Kinkaid with a rebound.
4:01 of 1st period - Wrist shot by Taylor Hall.
4:01 of 1st period - Stopped by Keith Kinkaid without a rebound.
4:02 of 1st period - Patrick Sharp wins face-off versus Brandon Sutter in Capitals zone.
4:07 of 1st period - Slapshot by T.J. Oshie.
4:07 of 1st period - Shot Misses the Net.
4:17 of 1st period - Wrist shot by James Neal.
4:17 of 1st period - Stopped by Keith Kinkaid without a rebound.
4:18 of 1st period - Mikko Koivu wins face-off versus Connor McDavid in Capitals zone.
4:35 of 1st period - Slapshot by Duncan Keith.
4:35 of 1st period - Shot Misses the Net.
4:50 of 1st period - Off-side.
4:51 of 1st period - Derek Roy wins face-off versus Pavel Buchnevich in neutral zone.
5:01 of 1st period - Slapshot by Mike Green.
5:01 of 1st period - Shot Blocked by Rasmus Ristolainen.
5:03 of 1st period - Slapshot by Mike Green.
5:03 of 1st period - Shot Blocked by Nikolai Kulemin.
5:05 of 1st period - Slapshot by Brent Burns.
5:05 of 1st period - Stopped by James Reimer with a rebound.
5:07 of 1st period - Wrist shot by Patrick Sharp.
5:07 of 1st period - Shot Blocked by Kevin Porter.
5:17 of 1st period - Rasmus Ristolainen is hit by Dustin Brown.
5:21 of 1st period - Snap shot by James Neal.
5:21 of 1st period - Stopped by Keith Kinkaid without a rebound.
5:22 of 1st period - Jamie Benn wins face-off versus Brandon Sutter in Capitals zone.
5:22 of 1st period - Jamie Benn is hit by Brandon Sutter.
5:44 of 1st period - Snap shot by James Neal.
5:44 of 1st period - Shot Misses the Net.
5:46 of 1st period - Snap shot by James Neal.
5:46 of 1st period - Stopped by Keith Kinkaid with a rebound.
5:48 of 1st period - Wrist shot by Brandon Sutter.
5:48 of 1st period - Deflect By James Neal.
5:48 of 1st period - Goal by James Neal - Capitals : 0 - Oilers : 3.
5:49 of 1st period - Jordan Eberle wins face-off versus Patrick Sharp in neutral zone.
6:00 of 1st period - Snap shot by Henrik Zetterberg.
6:00 of 1st period - Stopped by Keith Kinkaid with a rebound.
6:02 of 1st period - Slapshot by Denis Grebeshkov.
6:02 of 1st period - Stopped by Keith Kinkaid with a rebound.
6:04 of 1st period - Slapshot by Denis Grebeshkov.
6:04 of 1st period - Shot Misses the Net.
6:44 of 1st period - Slapshot by Jason Pominville.
6:44 of 1st period - Stopped by James Reimer without a rebound.
6:45 of 1st period - Henrik Zetterberg wins face-off versus Derek Roy in Oilers zone.
6:45 of 1st period - Henrik Zetterberg is hit by Derek Roy.
7:23 of 1st period - Wrist shot by Jason Pominville.
7:23 of 1st period - Stopped by James Reimer with a rebound.
7:47 of 1st period - Off-side.
7:48 of 1st period - Connor McDavid wins face-off versus Derek Roy in neutral zone.
8:01 of 1st period - Slapshot by T.J. Oshie.
8:01 of 1st period - Deflect By Patrick Sharp.
8:01 of 1st period - Shot Misses the Net.
8:01 of 1st period - Puck is out of play.
8:02 of 1st period - Henrik Zetterberg wins face-off versus Derek Roy in Oilers zone.
9:13 of 1st period - Slapshot by Adam Larsson.
9:13 of 1st period - Stopped by Keith Kinkaid without a rebound.
9:14 of 1st period - T.J. Oshie wins face-off versus Kevin Porter in Capitals zone.
9:25 of 1st period - Snap shot by Pavel Buchnevich.
9:25 of 1st period - Shot Misses the Net.
10:04 of 1st period - Jason Pominville is hit by Brandon Sutter and loses puck.
10:13 of 1st period - Wrist shot by James Neal.
10:13 of 1st period - Deflect By Riley Sheahan.
10:13 of 1st period - Shot Blocked by Mike Green.
10:13 of 1st period - Puck is out of play.
10:14 of 1st period - Derek Roy wins face-off versus Connor McDavid in Capitals zone.
10:19 of 1st period - Slapshot by Patrick Sharp.
10:19 of 1st period - Shot Misses the Net.
10:51 of 1st period - Wrist shot by Taylor Hall.
10:51 of 1st period - Stopped by Keith Kinkaid with a rebound.
11:07 of 1st period - Snap shot by Trevor Daley.
11:07 of 1st period - Deflect By Rasmus Ristolainen.
11:07 of 1st period - Stopped by James Reimer with a rebound.
11:09 of 1st period - Snap shot by Trevor Daley.
11:09 of 1st period - Stopped by James Reimer without a rebound.
11:10 of 1st period - Brandon Sutter wins face-off versus Derek Roy in Oilers zone.
11:10 of 1st period - Brandon Sutter is hit by Patrick Sharp.
11:16 of 1st period - T.J. Oshie is hit by James Neal and loses puck.
12:41 of 1st period - Ryan Suter is hit by Brandon Sutter and loses puck.
12:52 of 1st period - Wrist shot by Derek Roy.
12:52 of 1st period - Stopped by James Reimer with a rebound.
13:55 of 1st period - Adam Larsson is hit by Mike Green and loses puck.
14:09 of 1st period - Off-side.
14:10 of 1st period - Brandon Sutter wins face-off versus Derek Roy in neutral zone.
14:16 of 1st period - Icing by Trevor Daley.
14:17 of 1st period - Henrik Zetterberg wins face-off versus Derek Roy in Capitals zone.
14:38 of 1st period - Snap shot by Derek Roy.
14:38 of 1st period - Shot Blocked by Rasmus Ristolainen.
15:02 of 1st period - Brandon Sutter is hit by Dustin Brown and loses puck.
15:37 of 1st period - Oscar Klefbom is hit by Clarke MacArthur.
16:10 of 1st period - Slapshot by Marc-Édouard Vlasic.
16:10 of 1st period - Stopped by James Reimer with a rebound.
16:12 of 1st period - Snap shot by T.J. Oshie.
16:12 of 1st period - Stopped by James Reimer without a rebound.
16:13 of 1st period - Ryan Nugent-Hopkins wins face-off versus Brandon Sutter in Oilers zone.
16:16 of 1st period - Snap shot by Jamie Benn.
16:16 of 1st period - Shot Misses the Net.
17:52 of 1st period - Slapshot by Tobias Enstrom.
17:52 of 1st period - Stopped by Keith Kinkaid without a rebound.
17:53 of 1st period - Brandon Sutter wins face-off versus Mikko Koivu in Capitals zone.
18:27 of 1st period - Wrist shot by James Neal.
18:27 of 1st period - Stopped by Keith Kinkaid without a rebound.
18:28 of 1st period - Henrik Zetterberg wins face-off versus Derek Roy in Capitals zone.
18:57 of 1st period - Slapshot by Rasmus Ristolainen.
18:57 of 1st period - Stopped by Keith Kinkaid without a rebound.
18:58 of 1st period - Connor McDavid wins face-off versus Ryan Nugent-Hopkins in Capitals zone.
19:16 of 1st period - Minor Penalty to Jamie Benn for Interference.
19:17 of 1st period - Connor McDavid wins face-off versus Ryan Getzlaf in Capitals zone.
19:27 of 1st period - Slapshot by Phil Kessel.
19:27 of 1st period - Goal by Phil Kessel - Capitals : 0 - Oilers : 4.
19:27 of 1st period - Marc-André Fleury enters game.
19:28 of 1st period - Derek Roy wins face-off versus Henrik Zetterberg in neutral zone.
19:35 of 1st period - Wrist shot by T.J. Oshie.
19:35 of 1st period - Shot Misses the Net.
19:51 of 1st period - Minor Penalty to Patrick Sharp for Roughing.
19:52 of 1st period - Connor McDavid wins face-off versus Ryan Getzlaf in Capitals zone.
Goals for this period are 0 for Capitals vs 4 for Oilers.
Shots for this period are 10 for Capitals vs 18 for Oilers.

2nd period


0:01 of 2nd period - Joe Pavelski wins face-off versus Connor McDavid in neutral zone.
0:05 of 2nd period - Wrist shot by Brent Burns.
0:05 of 2nd period - Shot Blocked by Rasmus Ristolainen.
0:07 of 2nd period - Wrist shot by Ryan Getzlaf.
0:07 of 2nd period - Stopped by James Reimer without a rebound.
0:08 of 2nd period - Ryan Getzlaf wins face-off versus Taylor Hall in Oilers zone.
0:15 of 2nd period - Wrist shot by Joe Pavelski.
0:15 of 2nd period - Stopped by James Reimer with a rebound.
0:17 of 2nd period - Slapshot by Joe Pavelski.
0:17 of 2nd period - Stopped by James Reimer without a rebound.
0:18 of 2nd period - Connor McDavid wins face-off versus Ryan Getzlaf in Oilers zone.
0:21 of 2nd period - Wrist shot by Ryan Getzlaf.
0:21 of 2nd period - Shot Blocked by Phil Kessel.
0:45 of 2nd period - Rasmus Ristolainen is hit by Brent Burns and loses puck.
1:18 of 2nd period - Icing by Connor McDavid.
1:19 of 2nd period - Connor McDavid wins face-off versus Derek Roy in Oilers zone.
1:51 of 2nd period - Penalty to Patrick Sharp is over, Patrick Sharp is back on ice.
2:01 of 2nd period - Wrist shot by Jason Pominville.
2:01 of 2nd period - Shot Misses the Net.
2:03 of 2nd period - Snap shot by Ryan Suter.
2:03 of 2nd period - Deflect By Jamie Benn.
2:03 of 2nd period - Stopped by James Reimer with a rebound.
2:05 of 2nd period - Slapshot by Jamie Benn.
2:05 of 2nd period - Shot Misses the Net.
2:07 of 2nd period - Slapshot by Ryan Suter.
2:07 of 2nd period - Stopped by James Reimer with a rebound.
2:09 of 2nd period - Snap shot by Trevor Daley.
2:09 of 2nd period - Shot Misses the Net.
2:44 of 2nd period - Icing by Patrick Sharp.
2:45 of 2nd period - Brandon Sutter wins face-off versus Derek Roy in Capitals zone.
2:59 of 2nd period - Minor Penalty to Brandon Sutter for High sticking.
3:00 of 2nd period - Henrik Zetterberg wins face-off versus Ryan Nugent-Hopkins in Oilers zone.
3:08 of 2nd period - Snap shot by T.J. Oshie.
3:08 of 2nd period - Stopped by James Reimer with a rebound.
3:10 of 2nd period - Slapshot by Mike Green.
3:10 of 2nd period - Deflect By Patrick Sharp.
3:10 of 2nd period - Stopped by James Reimer without a rebound.
3:11 of 2nd period - Ryan Nugent-Hopkins wins face-off versus Henrik Zetterberg in Oilers zone.
3:18 of 2nd period - Wrist shot by Henrik Zetterberg.
3:18 of 2nd period - Shot Misses the Net.
4:25 of 2nd period - Jamie Benn is hit by James Neal and loses puck.
4:59 of 2nd period - Penalty to Brandon Sutter is over, Brandon Sutter is back on ice.
5:42 of 2nd period - Duncan Keith is hit by Taylor Hall and loses puck.
5:59 of 2nd period - Jason Pominville is hit by James Neal and loses puck.
7:02 of 2nd period - Ryan Suter is hit by Connor McDavid.
7:15 of 2nd period - Off-side.
7:16 of 2nd period - Jordan Eberle wins face-off versus Ryan Nugent-Hopkins in neutral zone.
7:36 of 2nd period - Dustin Brown is hit by Leon Draisaitl and loses puck.
7:55 of 2nd period - Wrist shot by Nikolai Kulemin.
7:55 of 2nd period - Stopped by Marc-André Fleury without a rebound.
7:56 of 2nd period - Kevin Porter wins face-off versus Derek Roy in Capitals zone.
8:05 of 2nd period - Wrist shot by Derek Roy.
8:05 of 2nd period - Deflect By Patrick Sharp.
8:05 of 2nd period - Shot Misses the Net.
8:05 of 2nd period - Puck is out of play.
8:06 of 2nd period - Derek Roy wins face-off versus Henrik Zetterberg in Oilers zone.
8:51 of 2nd period - Minor Penalty to Brandon Sutter for Cross-checking.
8:52 of 2nd period - Henrik Zetterberg wins face-off versus Patrick Sharp in Oilers zone.
9:10 of 2nd period - Minor Penalty to Adam Larsson for Roughing.
9:11 of 2nd period - Henrik Zetterberg wins face-off versus Ryan Nugent-Hopkins in Oilers zone.
9:27 of 2nd period - Slapshot by Patrick Sharp.
9:27 of 2nd period - Shot Blocked by Rasmus Ristolainen.
9:57 of 2nd period - Jordan Eberle is hit by Clarke MacArthur and loses puck.
10:32 of 2nd period - Tobias Enstrom is hit by Derek Roy and loses puck.
10:51 of 2nd period - Penalty to Brandon Sutter is over, Brandon Sutter is back on ice.
11:10 of 2nd period - Penalty to Adam Larsson is over, Adam Larsson is back on ice.
11:33 of 2nd period - Backhand shot by Phil Kessel.
11:33 of 2nd period - Shot Blocked by Ryan Getzlaf.
11:35 of 2nd period - Slapshot by Darnell Nurse.
11:35 of 2nd period - Deflect By Connor McDavid.
11:35 of 2nd period - Stopped by Marc-André Fleury with a rebound.
11:37 of 2nd period - Slapshot by Oscar Klefbom.
11:37 of 2nd period - Deflect By Leon Draisaitl.
11:37 of 2nd period - Stopped by Marc-André Fleury without a rebound.
11:38 of 2nd period - Connor McDavid wins face-off versus Ryan Getzlaf in Capitals zone.
11:41 of 2nd period - Snap shot by Connor McDavid.
11:41 of 2nd period - Goal by Connor McDavid - Capitals : 0 - Oilers : 5.
11:42 of 2nd period - Derek Roy wins face-off versus Brandon Sutter in neutral zone.
12:08 of 2nd period - Trevor Daley is hit by Rasmus Ristolainen and loses puck.
12:27 of 2nd period - Wrist shot by T.J. Oshie.
12:27 of 2nd period - Stopped by James Reimer without a rebound.
12:28 of 2nd period - Henrik Zetterberg wins face-off versus Ryan Nugent-Hopkins in Oilers zone.
13:06 of 2nd period - Wrist shot by Mikko Koivu.
13:06 of 2nd period - Shot Misses the Net.
13:54 of 2nd period - Jason Pominville is hit by Darnell Nurse and loses puck.
14:20 of 2nd period - Wrist shot by Jamie Benn.
14:20 of 2nd period - Stopped by James Reimer with a rebound.
14:24 of 2nd period - Snap shot by Jamie Benn.
14:24 of 2nd period - Stopped by James Reimer without a rebound.
14:25 of 2nd period - Derek Roy wins face-off versus Henrik Zetterberg in Oilers zone.
15:04 of 2nd period - Wrist shot by Clarke MacArthur.
15:04 of 2nd period - Shot Misses the Net.
15:20 of 2nd period - Slapshot by Brent Burns.
15:20 of 2nd period - Stopped by James Reimer without a rebound.
15:21 of 2nd period - Ryan Getzlaf wins face-off versus Henrik Zetterberg in Oilers zone.
15:57 of 2nd period - Snap shot by T.J. Oshie.
15:57 of 2nd period - Shot Misses the Net.
16:03 of 2nd period - Wrist shot by T.J. Oshie.
16:03 of 2nd period - Deflect By Derek Roy.
16:03 of 2nd period - Shot Misses the Net.
16:03 of 2nd period - Puck is out of play.
16:04 of 2nd period - Henrik Zetterberg wins face-off versus Ryan Nugent-Hopkins in Oilers zone.
16:17 of 2nd period - Wrist shot by Taylor Hall.
16:17 of 2nd period - Stopped by Marc-André Fleury with a rebound.
16:31 of 2nd period - Mike Green is hit by Brandon Sutter.
16:59 of 2nd period - Snap shot by Phil Kessel.
16:59 of 2nd period - Shot Misses the Net.
17:01 of 2nd period - Slapshot by Tobias Enstrom.
17:01 of 2nd period - Deflect By Connor McDavid.
17:01 of 2nd period - Stopped by Marc-André Fleury without a rebound.
17:02 of 2nd period - Henrik Zetterberg wins face-off versus Jamie Benn in Capitals zone.
17:32 of 2nd period - Slapshot by Rasmus Ristolainen.
17:32 of 2nd period - Deflect By James Neal.
17:32 of 2nd period - Stopped by Marc-André Fleury without a rebound.
17:33 of 2nd period - Derek Roy wins face-off versus Brandon Sutter in Capitals zone.
17:40 of 2nd period - Slapshot by T.J. Oshie.
17:40 of 2nd period - Shot Misses the Net.
18:08 of 2nd period - Wrist shot by Riley Sheahan.
18:08 of 2nd period - Shot Hit the Post.
18:18 of 2nd period - Wrist shot by Derek Roy.
18:18 of 2nd period - Deflect By Patrick Sharp.
18:18 of 2nd period - Shot Blocked by James Neal.
18:18 of 2nd period - Puck is out of play.
18:19 of 2nd period - Henrik Zetterberg wins face-off versus Ryan Nugent-Hopkins in Oilers zone.
18:34 of 2nd period - Snap shot by Henrik Zetterberg.
18:34 of 2nd period - Shot Blocked by Brent Burns.
18:55 of 2nd period - Snap shot by Joe Pavelski.
18:55 of 2nd period - Stopped by James Reimer with a rebound.
18:57 of 2nd period - Snap shot by Clarke MacArthur.
18:57 of 2nd period - Shot Misses the Net.
19:15 of 2nd period - Slapshot by Leon Draisaitl.
19:15 of 2nd period - Shot Blocked by Duncan Keith.
19:21 of 2nd period - Snap shot by Phil Kessel.
19:21 of 2nd period - Shot Misses the Net.
19:23 of 2nd period - Backhand shot by Connor McDavid.
19:23 of 2nd period - Deflect By Phil Kessel.
19:23 of 2nd period - Goal by Phil Kessel - Capitals : 0 - Oilers : 6.
19:24 of 2nd period - Henrik Zetterberg wins face-off versus Derek Roy in neutral zone.
19:39 of 2nd period - Slapshot by Rasmus Ristolainen.
19:39 of 2nd period - Shot Misses the Net.
19:41 of 2nd period - Snap shot by Tobias Enstrom.
19:41 of 2nd period - Shot Misses the Net.
19:47 of 2nd period - Minor Penalty to Mike Green for Interference.
19:48 of 2nd period - Ryan Getzlaf wins face-off versus Taylor Hall in Capitals zone.
19:48 of 2nd period - Ryan Getzlaf is hit by Connor McDavid.
Goals for this period are 0 for Capitals vs 2 for Oilers.
Shots for this period are 12 for Capitals vs 8 for Oilers.

3rd period


0:01 of 3rd period - Connor McDavid wins face-off versus Ryan Getzlaf in neutral zone.
0:14 of 3rd period - Slapshot by Rasmus Ristolainen.
0:14 of 3rd period - Shot Blocked by Brent Burns.
0:16 of 3rd period - Wrist shot by Taylor Hall.
0:16 of 3rd period - Stopped by Marc-André Fleury with a rebound.
0:26 of 3rd period - Brent Burns is hit by Henrik Zetterberg and loses puck.
1:47 of 3rd period - Penalty to Mike Green is over, Mike Green is back on ice.
2:13 of 3rd period - Marc-Édouard Vlasic is hit by Nikolai Kulemin and loses puck.
2:46 of 3rd period - Minor Penalty to Henrik Zetterberg for Hooking.
2:47 of 3rd period - Riley Sheahan wins face-off versus Ryan Nugent-Hopkins in Oilers zone.
3:42 of 3rd period - Connor McDavid is hit by Mikko Koivu and loses puck.
4:42 of 3rd period - Jamie Benn is hit by Taylor Hall and loses puck.
4:46 of 3rd period - Penalty to Henrik Zetterberg is over, Henrik Zetterberg is back on ice.
4:46 of 3rd period - Icing by Jamie Benn.
4:47 of 3rd period - Derek Roy wins face-off versus Henrik Zetterberg in Capitals zone.
5:19 of 3rd period - Mike Green is hit by Jordan Eberle and loses puck.
8:45 of 3rd period - Snap shot by Brandon Sutter.
8:45 of 3rd period - Stopped by Marc-André Fleury without a rebound.
8:46 of 3rd period - Henrik Zetterberg wins face-off versus Mikko Koivu in Capitals zone.
9:01 of 3rd period - Joe Pavelski beats up Tobias Enstrom.
9:01 of 3rd period - Penalty to Tobias Enstrom for Fighting.
9:01 of 3rd period - Penalty to Joe Pavelski for Fighting.
9:01 of 3rd period - Penalty to Joe Pavelski for instigated a fight.
9:01 of 3rd period - Penalty to Joe Pavelski for instigated a fight.
9:02 of 3rd period - Connor McDavid wins face-off versus Ryan Getzlaf in Oilers zone.
9:11 of 3rd period - Wrist shot by Phil Kessel.
9:11 of 3rd period - Stopped by Marc-André Fleury without a rebound.
9:12 of 3rd period - Ryan Getzlaf wins face-off versus Connor McDavid in Capitals zone.
9:30 of 3rd period - Snap shot by Rasmus Ristolainen.
9:30 of 3rd period - Stopped by Marc-André Fleury with a rebound.
10:08 of 3rd period - Trevor Daley is hit by Darnell Nurse and loses puck.
11:01 of 3rd period - Penalty to Joe Pavelski is over, Dustin Brown is send on ice.
11:28 of 3rd period - Nikolai Kulemin is hit by T.J. Oshie and loses puck.
11:35 of 3rd period - Patrick Sharp is hit by Pavel Buchnevich and loses puck.
12:57 of 3rd period - Clarke MacArthur is hit by Leon Draisaitl and loses puck.
13:22 of 3rd period - Brent Burns is hit by Oscar Klefbom and loses puck.
14:57 of 3rd period - Jordan Eberle is hit by Patrick Sharp and loses puck.
15:19 of 3rd period - Icing by Mikko Koivu.
15:20 of 3rd period - Mikko Koivu wins face-off versus Brandon Sutter in Capitals zone.
15:25 of 3rd period - Denis Grebeshkov is hit by Jason Pominville and loses puck.
16:03 of 3rd period - Slapshot by Mike Green.
16:03 of 3rd period - Deflect By Ryan Getzlaf.
16:03 of 3rd period - Shot Blocked by Connor McDavid.
16:03 of 3rd period - Puck is out of play.
16:04 of 3rd period - Ryan Getzlaf wins face-off versus Connor McDavid in Oilers zone.
16:05 of 3rd period - Wrist shot by Dustin Brown.
16:05 of 3rd period - Shot Misses the Net.
16:07 of 3rd period - Slapshot by Duncan Keith.
16:07 of 3rd period - Stopped by James Reimer without a rebound.
16:08 of 3rd period - Henrik Zetterberg wins face-off versus Ryan Getzlaf in Oilers zone.
16:45 of 3rd period - Snap shot by Ryan Getzlaf.
16:45 of 3rd period - Shot Misses the Net.
16:47 of 3rd period - Slapshot by Duncan Keith.
16:47 of 3rd period - Shot Hit the Post.
16:49 of 3rd period - Snap shot by Dustin Brown.
16:49 of 3rd period - Stopped by James Reimer without a rebound.
16:50 of 3rd period - Derek Roy wins face-off versus Henrik Zetterberg in Oilers zone.
17:15 of 3rd period - Patrick Sharp is hit by Henrik Zetterberg and loses puck.
17:51 of 3rd period - Minor Penalty to T.J. Oshie for High sticking.
17:52 of 3rd period - Ryan Getzlaf wins face-off versus Connor McDavid in Capitals zone.
19:51 of 3rd period - Penalty to T.J. Oshie is over, T.J. Oshie is back on ice.
Goals for this period are 0 for Capitals vs 0 for Oilers.
Shots for this period are 2 for Capitals vs 4 for Oilers. Output by the SimonT Hockey Simulator (STHS) for Francois Prevost - Original Page W3C HTML5 Valid
Hockey Simulator - Hockey Simulation - Hockey Manager